 Dungeon Crawl Stone Soup version 0.29.1-12-g30fa7ad0bf (webtiles) character file.

Game seed: 15651821364079666688

63 bnorton916 the Magician (level 3, -4/19 HPs)
             Began as a Deep Elf Fire Elementalist on Jan 4, 2023.
             Slain by Crazy Yiuf
             ... wielding a +2 quarterstaff of chaos
              (7 damage)
             ... on level 2 of the Dungeon.
             The game lasted 00:01:48 (2547 turns).

bnorton916 the Magician (DEFE)                      Turns: 2547, Time: 00:01:49

Health: -4/19      AC:  2    Str:  5    XL:     3   Next: 89%
Magic:  8/10       EV: 16    Int: 21    God:
Gold:   100        SH:  0    Dex: 15    Spells: 4/10 levels left

rFire   . . .      SeeInvis .   (no weapon)
rCold   . . .      Faith    .   (no shield)
rNeg    . . .      Spirit   .   a - +0 robe
rPois   .          Reflect  .   (no helmet)
rElec   .          Harm     .   (no cloak)
rCorr   .          Rampage  .   (no gloves)
Will    .....                   (no boots)
Stlth   ++........              j - amulet of regeneration
HPRegen 0.86/turn               h - +4 ring of evasion
MPRegen 0.12/turn               (no ring)

@: very slightly contaminated, hasted, very quick
A: no striking features
a: no special abilities


You were on level 2 of the Dungeon.
You visited 1 branch of the dungeon, and saw 2 of its levels.

You collected 100 gold pieces.

Inventory:

Hand Weapons
 o - a +0 whip of electrocution
Armour
 a - a +0 robe (worn)
Jewellery
 h - a +4 ring of evasion (left hand)
 j - an amulet of regeneration (around neck)
Scrolls
 d - 4 scrolls of identify {unknown}
 e - a scroll of poison {unknown}
 f - 2 scrolls of noise {unknown}
 g - a scroll of enchant weapon {unknown}
 i - a scroll of vulnerability {unknown}
 k - 2 scrolls of teleportation {unknown}
 m - a scroll of magic mapping {unknown}
Potions
 c - a potion of attraction {unknown}
 l - a potion of brilliance {unknown}
 n - a potion of heal wounds {unknown}


   Skills:
 - Level 2.4 Dodging
 - Level 2.4 Stealth
 + Level 4.1 Spellcasting
 + Level 2.5 Conjurations
 + Level 4.1 Fire Magic


You had 4 spell levels left.
You knew the following spells:

 Your Spells              Type           Power      Damage    Failure   Level
a - Foxfire               Conj/Fire      72%        2x1d7     3%          1
b - Scorch                Fire           42%        2d7       3%          2
c - Conjure Flame         Conj/Fire      18%        6-21      9%          3

Your spell library contained the following spells:

 Spells                   Type           Power      Damage    Failure   Level
 Inner Flame              Hex/Fire       12%        N/A       16%         3
 Flame Wave               Conj/Fire      18%        2d7       30%         4
 Gell's Gravitas          Tloc           4%         N/A       34%         3
 Lesser Beckoning         Tloc           4%         N/A       34%         3
 Teleport Other           Tloc           4%         N/A       34%         3


Dungeon Overview and Level Annotations

Branches:
Dungeon (2/15)

Altars:

Shops:
D:2 !

Annotations:
D:2 Crazy Yiuf


Message History

Crazy Yiuf shouts!
As you open the door, it creaks loudly!
Casting: Foxfire (safe; 3% risk of failure)
Confirm with . or Enter, or press ? or * to list all spells.
Flames lash Crazy Yiuf.
Crazy Yiuf is lightly wounded.
Crazy Yiuf's fire resistance burns away.
Crazy Yiuf closely misses you.
Crazy Yiuf hits you with a +2 quarterstaff of chaos!
You feel your power leaking away.
Casting: Scorch (safe; 3% risk of failure)
Confirm with . or Enter, or press ? or * to list all spells.
You miscast Scorch.
You are very lightly contaminated with residual magic.
Nothing appears to happen.
Crazy Yiuf is no longer more vulnerable to fire.
Crazy Yiuf closely misses you.
Casting: Scorch (safe; 3% risk of failure)
Confirm with . or Enter, or press ? or * to list all spells.
Flames lash Crazy Yiuf.
Crazy Yiuf is moderately wounded.
Crazy Yiuf's fire resistance burns away.
Crazy Yiuf barely misses you. Crazy Yiuf barely misses you.
Unknown command.
Casting: Scorch (safe; 3% risk of failure)
Confirm with . or Enter, or press ? or * to list all spells.
You don't have enough magic to cast this spell.
Magic courses through your body.
Crazy Yiuf grits, "Aardvark stair tired!"
Crazy Yiuf hits you with a +2 quarterstaff of chaos!
Ouch! That really hurt!
* * * LOW HITPOINT WARNING * * *
You feel yourself speed up.
Casting: Scorch (safe; 3% risk of failure)
Confirm with . or Enter, or press ? or * to list all spells.
Flames lash Crazy Yiuf.
Crazy Yiuf is burned terribly!
Crazy Yiuf is severely wounded.
Crazy Yiuf hits you with a +2 quarterstaff of chaos!
You die...

###.# ##>### #.###
###.# #...## ###...###
##..# ###..#
##.....##. ##.## ####
#.)#####.. ##>#####
#####....# .#.##..#
#####.####
.......##### ###
#.........
##.##......## ###..)#
##....####
#.##.......####@g...#
##.######.
##.##........#..##...#
#.........
#..##.......#.### ###
#..######.
..###.######### ##.#
#8 ###...# #.# #.
#..### ########## #.#
#. #.## #...##...# #.#
#8 ##.# ##..##.###
##.## #. #..# #.....#
#...# #.


You could see Crazy Yiuf (combustible).

Vanquished Creatures
  2 adders (D:2)
  A dart slug (D:1)
  4 endoplasms
  4 goblins (D:1)
  2 hobgoblins
  5 jackals (D:1)
  A kobold (D:2)
  3 quokkas
  5 ball pythons
  5 bats
  6 frilled lizards
  4 rats
42 creatures vanquished.

Vanquished Creatures (others)
  192 foxfires
192 creatures vanquished.

Grand Total: 234 creatures vanquished

Notes
Turn   | Place    | Note
-------+----------+-------------------------------------------
     0 | D:1      | bnorton916 the Deep Elf Fire Elementalist began the quest
                  | for the Orb.
     0 | D:1      | Reached XP level 1. HP: 10/10 MP: 6/6
   216 | D:1      | Reached XP level 2. HP: 15/15 MP: 4/8
   919 | D:1      | Reached XP level 3. HP: 19/19 MP: 7/10
  1806 | D:2      | Found Dikhlamaa's Distillery.
  1988 | D:2      | Found a runed translucent door.
  1989 | D:2      | Noticed Crazy Yiuf
  2293 | D:2      | Found a faded altar of an unknown god.
  2374 | D:2      | Learned a level 2 spell: Scorch
  2378 | D:2      | Learned a level 3 spell: Conjure Flame
  2547 | D:2      | Slain by Crazy Yiuf

Illustrated notes

Levels and vault maps discovered:
D:1:      minmay_arrival_shoal_huts, layout_loops_ring
D:2:      layout_rooms, hellmonk_ecumenical_altar_arch_garden, serial_shops,
          nicolae_shop_statue_plus, uniq_crazy_yiuf_cottage

Skill      XL: |  1  2  3 |
---------------+----------+-----
Conjurations   | 2 |  2.5
Spellcasting   | 4 |  4.1
Fire Magic     | 4 |  4.1
Dodging        | |  2.4
Stealth        | |  2.4

Action                   || total
-------------------------++-------
 Cast: Foxfire           ||   117
       Scorch            ||     3
  Use: Potion            ||     1
Armor: Robe              ||     6
Dodge: Dodged            ||    21
